2698 views
Uploaded 2020-03-06 23:47:09
Game version 1.32.2
51:30 long 1on1 ladder game on (2)LastRefuge
Saved by BEARAND
2698 views
Uploaded 2020-03-06 23:47:09
Game version 1.32.2
51:30 long 1on1 ladder game on (2)LastRefuge

24 units @ 3.1k
/ 0.4k
127 buildings @ 6.5k
/ 3.6k



| Scroll of Regeneration | 2 | 200 |
| Potion of Healing | 2 | 300 |
| Orb of Fire | 2 | 650 |
| Staff of Sanctuary | 3 | 750 |
| Staff of Teleportation | 3 | 450 |
| Boots of Speed | 4 | 1000 |
| total: | 16 | 3350g |
| Peasant | 14 | 1050 | / | 0 |
| Priest | 1 | 135 | / | 10 |
| Sorceress | 2 | 310 | / | 40 |
| Dragonhawk Rider | 5 | 1000 | / | 150 |
| Goblin Zeppelin | 1 | 240 | / | 60 |
| Goblin Shredder | 1 | 375 | / | 100 |
| total: | 24 | 3110g | / | 360w |
| Scout Tower | 109 | 3270 | / | 2180 |
| Arcane Tower | 10 | 700 | / | 500 |
| Guard Tower | 95 | 6650 | / | 4750 |
| Altar of Kings | 1 | 180 | / | 50 |
| Farm | 5 | 400 | / | 100 |
| Lumber Mill | 1 | 120 | / | 0 |
| Arcane Vault | 3 | 390 | / | 90 |
| Town Hall | 4 | 1540 | / | 820 |
| Blacksmith | 1 | 140 | / | 60 |
| Barracks | 1 | 160 | / | 60 |
| Arcane Sanctum | 1 | 150 | / | 140 |
| Gryphon Aviary | 1 | 140 | / | 150 |
| Keep | 1 | 320 | / | 210 |
| Castle | 2 | 720 | / | 420 |
| total: | 127 | 6490g | / | 3650w |
| 0:02 | Peasant |
| 0:02 | Peasant |
| 0:11 | Altar of Kings |
| 0:15 | Peasant |
| 0:18 | Farm |
| 0:21 | Scout Tower |
| 0:23 | Lumber Mill |
| 0:30 | Peasant |
| 0:45 | Peasant |
| 0:57 | Peasant |
| 1:08 | Arcane Vault |
| 1:12 | Peasant |
| 1:19 | Farm |
| 1:25 | Peasant |
| 1:39 | Arcane Tower |
| 1:45 | Scout Tower |
| 1:53 | Peasant |
| 1:54 | Peasant |
| 1:58 | Scout Tower |
| 2:10 | Blizzard |
| 2:14 | Guard Tower |
| 2:36 | Peasant |
| 2:37 | Peasant |
| 2:37 | Peasant |
| 2:37 | Peasant |
| 2:39 | Guard Tower |
| 2:40 | Arcane Vault |
| 3:05 | Scout Tower |
| 3:05 | Scout Tower |
| 3:25 | Brilliance Aura |
| 3:47 | Keep |
| 3:58 | Scroll of Regeneration |
| 4:11 | Improved Masonry |
| 4:14 | Farm |
| 4:15 | Farm |
| 4:17 | Guard Tower |
| 4:42 | Guard Tower |
| 4:45 | Scout Tower |
| 4:46 | Scout Tower |
| 4:47 | Scout Tower |
| 4:47 | Scout Tower |
| 5:50 | Town Hall |
| 5:56 | Scout Tower |
| 5:57 | Scout Tower |
| 5:58 | Scout Tower |
| 5:58 | Scout Tower |
| 6:00 | Blizzard |
| 6:17 | Staff of Teleportation |
| 6:17 | Boots of Speed |
| 6:19 | Boots of Speed |
| 6:41 | Arcane Tower |
| 6:41 | Guard Tower |
| 6:53 | Guard Tower |
| 6:54 | Guard Tower |
| 6:57 | Scout Tower |
| 6:57 | Scout Tower |
| 7:15 | Storm Bolt |
| 7:44 | Guard Tower |
| 7:47 | Arcane Sanctum |
| 7:53 | Guard Tower |
| 8:07 | Staff of Teleportation |
| 8:07 | Boots of Speed |
| 8:15 | Guard Tower |
| 8:34 | Guard Tower |
| 8:35 | Guard Tower |
| 8:50 | Bash |
| 8:53 | Goblin Zeppelin |
| 9:09 | Goblin Shredder |
| 9:25 | Magic Sentry |
| 9:25 | Priest |
| 9:29 | Potion of Healing |
| 9:31 | Potion of Healing |
| 9:35 | Guard Tower |
| 9:49 | Scout Tower |
| 9:51 | Scout Tower |
| 9:51 | Scout Tower |
| 10:10 | Castle |
| 10:19 | Arcane Vault |
| 10:20 | Guard Tower |
| 10:24 | Scout Tower |
| 10:24 | Scout Tower |
| 10:25 | Scout Tower |
| 10:56 | Guard Tower |
| 10:58 | Scout Tower |
| 10:58 | Scout Tower |
| 10:58 | Scout Tower |
| 10:59 | Scout Tower |
| 10:59 | Scout Tower |
| 11:00 | Scout Tower |
| 11:00 | Scout Tower |
| 11:26 | Guard Tower |
| 11:26 | Guard Tower |
| 11:29 | Farm |
| 11:30 | Advanced Masonry |
| 11:30 | Imbued Masonry |
| 11:36 | Guard Tower |
| 11:36 | Guard Tower |
| 11:39 | Priest Adept Training |
| 11:39 | Sorceress |
| 11:39 | Sorceress Adept Training |
| 11:43 | Scout Tower |
| 11:43 | Scout Tower |
| 11:44 | Scout Tower |
| 11:45 | Scout Tower |
| 11:45 | Scout Tower |
| 11:45 | Scout Tower |
| 11:46 | Scout Tower |
| 11:47 | Scout Tower |
| 11:48 | Scout Tower |
| 11:52 | Guard Tower |
| 11:57 | Scout Tower |
| 11:57 | Scout Tower |
| 11:59 | Scout Tower |
| 11:59 | Scout Tower |
| 12:01 | Scout Tower |
| 12:01 | Scout Tower |
| 12:16 | Brilliance Aura |
| 12:34 | Storm Bolt |
| 12:59 | Scroll of Regeneration |
| 13:04 | Orb of Fire |
| 13:04 | Staff of Sanctuary |
| 13:19 | Guard Tower |
| 13:20 | Guard Tower |
| 13:32 | Orb of Fire |
| 13:32 | Staff of Sanctuary |
| 13:47 | Guard Tower |
| 13:50 | Scout Tower |
| 13:50 | Scout Tower |
| 13:54 | Staff of Teleportation |
| 13:54 | Boots of Speed |
| 13:59 | Holy Light |
| 14:54 | Guard Tower |
| 15:06 | Guard Tower |
| 15:11 | Staff of Sanctuary |
| 15:23 | Guard Tower |
| 15:26 | Gryphon Aviary |
| 15:28 | Blacksmith |
| 15:30 | Barracks |
| 15:50 | Town Hall |
| 15:54 | Town Hall |
| 15:57 | Scout Tower |
| 15:57 | Scout Tower |
| 15:58 | Scout Tower |
| 15:59 | Scout Tower |
| 15:59 | Scout Tower |
| 16:00 | Scout Tower |
| 16:00 | Scout Tower |
| 16:00 | Scout Tower |
| 16:01 | Scout Tower |
| 16:01 | Scout Tower |
| 16:16 | Guard Tower |
| 16:19 | Scout Tower |
| 16:19 | Scout Tower |
| 16:20 | Scout Tower |
| 16:21 | Scout Tower |
| 16:21 | Scout Tower |
| 16:22 | Scout Tower |
| 16:43 | Guard Tower |
| 16:54 | Guard Tower |
| 16:56 | Dragonhawk Rider |
| 16:56 | Dragonhawk Rider |
| 17:16 | Guard Tower |
| 17:23 | Guard Tower |
| 17:39 | Dragonhawk Rider |
| 17:54 | Dragonhawk Rider |
| 17:57 | Guard Tower |
| 18:03 | Iron Forged Swords |
| 18:03 | Studded Leather Armor |
| 18:23 | Guard Tower |
| 18:26 | Scout Tower |
| 18:27 | Scout Tower |
| 18:27 | Scout Tower |
| 18:29 | Guard Tower |
| 19:17 | Animal War Training |
| 19:24 | Scout Tower |
| 19:25 | Scout Tower |
| 19:26 | Scout Tower |
| 19:26 | Scout Tower |
| 19:26 | Scout Tower |
| 19:27 | Scout Tower |
| 19:27 | Scout Tower |
| 19:29 | Scout Tower |
| 19:29 | Scout Tower |
| 19:29 | Scout Tower |
| 19:31 | Guard Tower |
| 19:36 | Scout Tower |
| 19:38 | Scout Tower |
| 19:38 | Scout Tower |
| 19:38 | Scout Tower |
| 19:39 | Scout Tower |
| 19:39 | Scout Tower |
| 19:41 | Scout Tower |
| 19:42 | Guard Tower |
| 19:57 | Arcane Tower |
| 20:13 | Sorceress |
| 20:44 | Divine Shield |
| 20:55 | Guard Tower |
| 20:57 | Arcane Tower |
| 20:57 | Guard Tower |
| 21:37 | Guard Tower |
| 22:13 | Guard Tower |
| 22:32 | Guard Tower |
| 22:42 | Guard Tower |
| 22:45 | Scout Tower |
| 22:45 | Scout Tower |
| 22:46 | Scout Tower |
| 22:46 | Scout Tower |
| 22:46 | Scout Tower |
| 22:47 | Scout Tower |
| 22:47 | Scout Tower |
| 23:13 | Arcane Tower |
| 23:19 | Arcane Tower |
| 23:23 | Guard Tower |
| 23:27 | Scout Tower |
| 23:28 | Scout Tower |
| 23:28 | Scout Tower |
| 23:28 | Scout Tower |
| 23:29 | Scout Tower |
| 23:29 | Scout Tower |
| 23:48 | Scout Tower |
| 23:49 | Scout Tower |
| 23:50 | Scout Tower |
| 23:51 | Scout Tower |
| 23:52 | Scout Tower |
| 23:53 | Scout Tower |
| 23:53 | Scout Tower |
| 23:54 | Scout Tower |
| 23:54 | Scout Tower |
| 23:55 | Scout Tower |
| 23:55 | Scout Tower |
| 24:14 | Arcane Tower |
| 24:29 | Cloud |
| 24:30 | Storm Hammers |
| 24:32 | Steel Forged Swords |
| 24:32 | Reinforced Leather Armor |
| 24:43 | Arcane Tower |
| 24:53 | Guard Tower |
| 25:19 | Guard Tower |
| 25:20 | Guard Tower |
| 25:21 | Guard Tower |
| 25:35 | Guard Tower |
| 25:50 | Dragonhide Armor |
| 26:27 | Guard Tower |
| 26:28 | Guard Tower |
| 26:28 | Guard Tower |
| 26:29 | Guard Tower |
| 26:39 | Arcane Tower |
| 26:40 | Guard Tower |
| 27:18 | Mithril Forged Swords |
| 27:25 | Dragonhawk Rider |
| 27:32 | Guard Tower |
| 27:34 | Guard Tower |
| 29:14 | Sorceress Master Training |
| 29:18 | Guard Tower |
| 29:22 | Scout Tower |
| 29:23 | Scout Tower |
| 29:23 | Scout Tower |
| 29:23 | Scout Tower |
| 29:27 | Guard Tower |
| 29:27 | Guard Tower |
| 31:32 | Bash |
| 32:09 | Guard Tower |
| 33:09 | Town Hall |
| 34:06 | Holy Light |
| 45:45 | Blizzard |
| Right click | 4347 |
| Select | 1495 |
| Select group | 746 |
| Build/train/purchase | 282 |
| Use ability | 280 |
| Chat | 274 |
| Misc. action | 48 |
| Assign group | 32 |
| Item give/drop | 17 |
56 units @ 7.7k
/ 0.7k
31 buildings @ 2.8k
/ 1.3k



x1)
| Scroll of Healing | 2 | 500 |
| Scroll of Town Portal | 2 | 700 |
| Potion of Lesser Invulnerability | 2 | 300 |
| Tome of Retraining | 1 | 300 |
| Scroll of Protection | 1 | 150 |
| total: | 8 | 1950g |
| Peasant | 21 | 1575 | / | 0 |
| Footman | 5 | 675 | / | 0 |
| Rifleman | 16 | 3280 | / | 480 |
| Priest | 10 | 1350 | / | 100 |
| Sorceress | 2 | 310 | / | 40 |
| Knight | 2 | 490 | / | 120 |
| total: | 56 | 7680g | / | 740w |
| Scout Tower | 10 | 300 | / | 200 |
| Guard Tower | 3 | 210 | / | 150 |
| Arcane Tower | 1 | 70 | / | 50 |
| Altar of Kings | 1 | 180 | / | 50 |
| Farm | 12 | 960 | / | 240 |
| Barracks | 1 | 160 | / | 60 |
| Blacksmith | 1 | 140 | / | 60 |
| Town Hall | 1 | 385 | / | 205 |
| Lumber Mill | 2 | 240 | / | 0 |
| Arcane Sanctum | 1 | 150 | / | 140 |
| Gryphon Aviary | 2 | 280 | / | 300 |
| Keep | 1 | 320 | / | 210 |
| Castle | 1 | 360 | / | 210 |
| total: | 31 | 2795g | / | 1255w |
| 0:02 | Peasant |
| 0:02 | Peasant |
| 0:03 | Peasant |
| 0:07 | Altar of Kings |
| 0:20 | Farm |
| 0:24 | Peasant |
| 0:35 | Barracks |
| 0:41 | Peasant |
| 0:54 | Farm |
| 1:07 | Peasant |
| 1:21 | Farm |
| 1:24 | Peasant |
| 1:38 | Footman |
| 1:53 | Footman |
| 2:09 | Summon Water Elemental |
| 2:21 | Footman |
| 2:53 | Keep |
| 3:12 | Blacksmith |
| 3:31 | Footman |
| 3:36 | Farm |
| 3:47 | Brilliance Aura |
| 4:24 | Rifleman |
| 4:29 | Farm |
| 5:33 | Town Hall |
| 5:38 | Scout Tower |
| 5:45 | Lumber Mill |
| 5:47 | Peasant |
| 5:47 | Peasant |
| 5:54 | Brilliance Aura |
| 6:09 | Peasant |
| 6:17 | Storm Bolt |
| 6:58 | Improved Lumber Harvesting |
| 7:20 | Guard Tower |
| 7:26 | Arcane Sanctum |
| 7:35 | Footman |
| 8:01 | Rifleman |
| 8:20 | Priest |
| 8:20 | Priest |
| 8:29 | Rifleman |
| 8:37 | Thunder Clap |
| 8:49 | Scroll of Healing |
| 8:49 | Potion of Lesser Invulnerability |
| 8:50 | Scroll of Town Portal |
| 9:02 | Iron Forged Swords |
| 9:06 | Castle |
| 9:31 | Long Rifles |
| 9:55 | Sorceress |
| 10:07 | Improved Masonry |
| 10:12 | Scout Tower |
| 10:25 | Rifleman |
| 10:54 | Rifleman |
| 11:29 | Peasant |
| 11:34 | Animal War Training |
| 11:37 | Advanced Lumber Harvesting |
| 11:43 | Peasant |
| 11:45 | Arcane Tower |
| 12:00 | Farm |
| 12:02 | Steel Forged Swords |
| 12:04 | Advanced Masonry |
| 12:32 | Farm |
| 12:37 | Blizzard |
| 12:41 | Storm Bolt |
| 13:05 | Tome of Retraining |
| 13:05 | Retrain Hero |
| 13:09 | Brilliance Aura |
| 13:09 | Blizzard |
| 13:10 | Blizzard |
| 13:10 | Brilliance Aura |
| 13:16 | Knight |
| 13:22 | Farm |
| 13:50 | Gryphon Aviary |
| 14:26 | Gryphon Aviary |
| 15:27 | Rifleman |
| 15:56 | Scout Tower |
| 16:00 | Scout Tower |
| 16:01 | Scout Tower |
| 16:04 | Peasant |
| 16:04 | Peasant |
| 16:23 | Knight |
| 16:34 | Holy Light |
| 16:42 | Rifleman |
| 16:51 | Storm Hammers |
| 16:55 | Peasant |
| 16:55 | Peasant |
| 16:55 | Peasant |
| 17:41 | Black Gunpowder |
| 18:04 | Scout Tower |
| 19:22 | Rifleman |
| 19:23 | Rifleman |
| 19:25 | Refined Gunpowder |
| 20:19 | Divine Shield |
| 20:32 | Rifleman |
| 20:32 | Rifleman |
| 21:09 | Farm |
| 21:12 | Farm |
| 21:16 | Imbued Gunpowder |
| 21:46 | Studded Leather Armor |
| 22:06 | Farm |
| 22:06 | Farm |
| 22:16 | Rifleman |
| 22:16 | Rifleman |
| 22:16 | Rifleman |
| 24:35 | Scroll of Town Portal |
| 24:40 | Scroll of Protection |
| 24:47 | Scroll of Healing |
| 24:55 | Potion of Lesser Invulnerability |
| 25:27 | Peasant |
| 25:27 | Peasant |
| 25:34 | Reinforced Leather Armor |
| 25:41 | Priest Adept Training |
| 25:43 | Priest |
| 26:48 | Priest Master Training |
| 27:08 | Peasant |
| 27:08 | Peasant |
| 29:09 | Dragonhide Armor |
| 30:03 | Imbued Masonry |
| 31:24 | Lumber Mill |
| 32:01 | Rifleman |
| 32:01 | Rifleman |
| 32:17 | Priest |
| 33:39 | Thunder Clap |
| 33:51 | Priest |
| 36:31 | Priest |
| 36:31 | Priest |
| 36:31 | Priest |
| 36:43 | Sorceress |
| 36:59 | Scout Tower |
| 37:02 | Magic Sentry |
| 37:51 | Priest |
| 38:03 | Scout Tower |
| 38:34 | Guard Tower |
| 38:37 | Scout Tower |
| 39:17 | Scout Tower |
| 39:19 | Guard Tower |
| 39:25 | Priest |
| Right click | 1190 |
| Select | 828 |
| Select group | 267 |
| Misc. action | 157 |
| Build/train/purchase | 148 |
| Chat | 91 |
| Use ability | 76 |
| Assign group | 39 |
| Item give/drop | 1 |
| Remove unit | 1 |